 Dungeon Crawl Stone Soup version 0.31.0-12-g77e489cdc1 (webtiles) character file.

Game seed: 10257988720764839248

147 jimonade the Chopper (level 5, -12/45 HPs)
             Began as a Hill Orc Monk on Feb 28, 2024.
             Mangled by Menkaure (17 damage)
             ... on level 4 of the Dungeon.
             The game lasted 00:04:49 (2219 turns).

jimonade the Chopper (Hill Orc Monk)                Turns: 2219, Time: 00:04:50

Health: -12/45     AC: 10    Str: 16    XL:     5   Next: 29%
Magic:  5/5        EV:  7    Int: 13    God:
Gold:   145        SH:  0    Dex: 13    Spells: 4/4 levels left

rFire   . . .        a - +0 hand axe
rCold   . . .        d - orb {light}
rNeg    . . .        E - +0 chain mail
rPois   .            m - +0 helmet {Int+3}
rElec   .            p - +0 cloak
rCorr   .            (no gloves)
SInv    +            (no boots)
Will    .....        (no amulet) Stlth
                     D - ring of see invisible
HPRegen 0.27/turn    (no ring)
MPRegen 0.09/turn

%: no passive effects
@: glowing
A: no striking features
a: no special abilities


You were on level 4 of the Dungeon.
You visited 1 branch of the dungeon, and saw 5 of its levels.

You collected 145 gold pieces.

Inventory:

Hand Weapons
 a - a +0 hand axe (weapon)
 j - a +0 short sword of draining
 B - a +0 rapier
Missiles
 e - 33 stones (quivered)
 k - 2 poisoned darts
 v - 3 silver javelins
Armour
 b - a +0 robe
 d - an orb of light (worn)
 i - a +0 helmet
 l - a +0 plate armour
 m - a +0 helmet of intelligence (worn)
 n - a +0 leather armour
 p - a +0 cloak (worn)
 u - a +0 cloak
 x - an orb of energy
 A - the +2 robe of Watchfulness {rF+}
   (You found it on level 2 of the Dungeon)

   rF+:       It protects you from fire.
 E - a +0 chain mail (worn)
 K - a +2 helmet
Jewellery
 y - the ring of Moderation {Wiz rN+ Int+2 Dex-5}
   (You took it off a goblin on level 2 of the Dungeon)

   [ring of wizardry]

   Wiz:       It improves your spell success rate.
   Int+2:     It affects your intelligence (+2).
   Dex-5:     It affects your dexterity (-5).
   rN+:       It protects you from negative energy.
 D - a ring of see invisible (left hand)
Wands
 z - a wand of flame (31)
Scrolls
 f - 4 scrolls of identify {unknown}
 h - a scroll of vulnerability {unknown}
 o - a scroll of enchant weapon {unknown}
 r - 2 scrolls of butterflies {unknown}
 w - a scroll of silence {unknown}
 F - a scroll of immolation {unknown}
 G - a scroll of torment {unknown}
Potions
 c - a potion of ambrosia
 g - 3 potions of heal wounds {unknown}
 q - 3 potions of curing {unknown}
 s - 2 potions of brilliance {unknown}
 t - 2 potions of might {unknown}
 C - a potion of mutation {unknown}
 H - a potion of invisibility {unknown}
 I - a potion of cancellation {unknown}
 J - a potion of attraction {unknown}


   Skills:
 - Level 3.6 Fighting
 + Level 7.7 Axes
 - Level 2.4 Dodging


You had 4 spell levels left.
You didn't know any spells.
Your spell library was empty.

Dungeon Overview and Level Annotations

Branches:
Dungeon (5/15) Zot: 26992
 Temple: D:4-7

Altars:

Shops:
D:1 *   D:3 [   D:4 (

Annotations:
D:4 Menkaure


Message History

The iguana barely misses you.
You slash the iguana!
You kill the iguana!
There is a fountain of clear blue water here.
g - 3 viscous golden potions (gained 1)
There is a fountain of clear blue water here.
There is an open gate here.
You see here a jackal corpse.
An orc comes into view. It is wielding a +0 mace.
The orc shouts!
You hear a shout! x2
An orc comes into view. It is wielding a +0 mace.
You hear a shout!
You hear a shout!
You see here a +0 dire flail.
An orc comes into view. It is wielding a +0 club.
The orc shouts!
An orc comes into view. It is wielding a +0 short sword.
The orc moves out of view.
Found a stone staircase leading down.
You see here a +2 helmet.
K - a +2 helmet You barely miss the orc.
The orc hits you but does no damage.
You hit the orc.
The orc is lightly wounded.
The orc completely misses you.
You hit the orc but do no damage.
The orc is lightly wounded.
The orc closely misses you. The orc hits you but does no damage.
You hit the orc but do no damage.
The orc is lightly wounded.
An orc comes into view. It is wielding a +0 whip.
The orc hits you but does no damage.
You barely miss the orc.
The orc is lightly wounded.
You hit the orc.
The orc is heavily wounded.
You slash the orc!
You kill the orc!
You hit the orc.
The orc is heavily wounded.
The orc barely misses you.
You barely miss the orc.
The orc is heavily wounded.
The orc hits you with a +0 mace.
An orc comes into view.
It is wielding a +1 dagger of protection.
You barely miss the orc.
The orc is heavily wounded.
The orc shouts!
You hear a shout! x2
The orc hits you but does no damage.
You hit the orc.
You kill the orc!
Menkaure, Prince of Dust comes into view.
You hit the orc.
The orc is lightly wounded.
The orc closely misses you.
Menkaure mumbles some strange words.
Menkaure seems to speed up.
You hit the orc.
The orc is heavily wounded.
The orc closely misses you.
You hit the orc.
The orc is almost dead.
The orc barely misses you.
An orc comes into view. It is wielding a +0 whip.
You hit the orc.
You kill the orc!
An orc comes into view. It is wielding a +0 flail.
The orc attacks as it pursues you!
The orc hits you with a +1 dagger of protection.
There is a stone staircase leading down here.
You climb downwards.
The orc shouts!
The black bear growls angrily. x2; You hear a shout!
Found a ring mail.
There is a stone staircase leading up here.
You climb upwards.
Level annotation: Menkaure The orc shouts!
The orc hits you with a +1 dagger of protection.
Menkaure shouts, "Why can't you leave me to my rest?"
The orc completely misses you. The orc hits you but does no damage. x2
Menkaure blazes with dark energy!
There is a stone staircase leading down here.
The orc hits you with a +0 whip.
Menkaure calls on the powers of darkness!
The orc convulses! x3; Your body is wracked with pain!
Menkaure hits you!
* * * LOW HITPOINT WARNING * * *
The orc attacks as it pursues you! The orc hits you but does no damage.
You hit Menkaure.
Menkaure is lightly damaged.
You hit the orc but do no damage.
Menkaure calls on the powers of darkness!
The orc convulses! x4; Your body is wracked with pain!
* * * LOW HITPOINT WARNING * * *
The orc convulses!
The orc hits you but does no damage.
You slash Menkaure!
Menkaure is heavily damaged.
You hit the orc but do no damage. Menkaure hits you!
You die...

.########...##.#
#......# ## #'''##.#
##.##.#.# # #...#..#
##..##o....
#...#######).....o....o
#...#......#..###..#.##
#...#......#..###..#..
#...#..#...#o......#
#...#. ##M.o.#### #...#
#@oo###
##########.##########
#.......##.##.......#
#.........⌠.........#
#..)....##.##.......#
##########.##########
#...# #...# #...#


You could see Menkaure (fast) and 4 orcs.

Vanquished Creatures
  A bombardier beetle (D:3)
  Jessica (D:2)
  An iguana (D:4)
  A dart slug (D:3)
  A ribbon worm (D:2)
  7 orcs
  3 bats
  3 endoplasms
  8 goblins
  5 hobgoblins
  5 jackals
  3 kobolds
  4 quokkas
  4 ball pythons
  3 frilled lizards
  2 rats
52 creatures vanquished.

Notes
Turn   | Place    | Note
-------+----------+-------------------------------------------
     0 | D:1      | jimonade the Hill Orc Monk began the quest for the Orb.
     0 | D:1      | Reached XP level 1. HP: 19/19 MP: 1/1
   231 | D:1      | Found Yntimpae's General Store.
   521 | D:2      | Reached XP level 2. HP: 26/26 MP: 2/2
   570 | D:2      | Reached skill level 5 in Axes
   695 | D:2      | Identified the ring of Moderation {Wiz rN+ Int+2 Dex-5}
   728 | D:2      | Noticed Jessica
   737 | D:2      | Killed Jessica
   738 | D:2      | Reached skill level 6 in Axes
   738 | D:2      | Reached XP level 3. HP: 24/31 MP: 3/3
   747 | D:2      | Identified the +2 robe of Watchfulness {rF+}
  1077 | D:3      | Reached XP level 4. HP: 39/39 MP: 4/4
  1084 | D:3      | Found a faded altar of an unknown god.
  1405 | D:3      | Reached skill level 7 in Axes
  1491 | D:3      | Found Savybyru's Antique Armour Boutique.
  1947 | D:4      | Found Wopuuts's Antique Weapon Emporium.
  1992 | D:4      | Reached XP level 5. HP: 45/45 MP: 5/5
  2203 | D:4      | Noticed Menkaure
  2212 | D:5      | Entered Level 5 of the Dungeon
  2212 | D:5      | Noticed a black bear
  2212 | D:5      | Noticed a black bear
  2219 | D:4      | Mangled by Menkaure

Illustrated notes

Levels and vault maps discovered:
D:1:      mainiacjoe_arrival_reflecting_pool, layout_basic, serial_shops,
          nicolae_shop_tiny_statue_garden
D:2:      layout_basic, uniq_jessica
D:3:      layout_loops_ring, chequers_ecumenical_altar_simple, serial_shops,
          shop
D:4:      layout_loops_cross, serial_shops, shop, kennysheep_cross_bottleneck,
          uniq_menkaure
D:5:      layout_basic, slow_altar_1, grunt_decor_cap, columned_hall_lemuel

Skill      XL: |  1  2  3  4 |
---------------+-------------+-----
Axes           | 6 7 |  7.7
Fighting       | |  3.6
Dodging        | |  2.4

Action                     |  1- 3 |  4- 6 || total
---------------------------+-------+-------++-------
  Melee: Hand axe          |    69 |    91 ||   160
 Armour: Plate armour      |    61 |    41 ||   102
         Robe              |     3 |       ||     3
         Chain mail        |       |    34 ||    34
  Dodge: Dodged            |     8 |    30 ||    38
